 Dungeon Crawl Stone Soup version 0.31-a0-851-g7ff8af7976 (webtiles) character file.

Game seed: 18319162745242663630

11691 Nedwor the Basher (level 11, -13/99 HPs)
             Began as a Minotaur Gladiator on Oct 4, 2023.
             Was a Priest of Uskayaw.
             Mangled by a death yak simulacrum (40 damage)
             ... in an ice cave on Oct 6, 2023.
             The game lasted 00:14:33 (9811 turns).

Nedwor the Basher (Minotaur Gladiator)              Turns: 9811, Time: 00:14:33

Health: -13/99     AC: 19    Str: 25    XL:     11   Next: 52%
Magic:  14/14      EV: 23    Int:  5    God:    Uskayaw [***...]
Gold:   743        SH:  6    Dex: 12    Spells: 10/10 levels left

rFire   . . .        p - +6 shillelagh "Devastator" {shatter}
rCold   . . .        b - +0 buckler
rNeg    . . .        B - +0 plate armour
rPois   +            c - +0 hat
rElec   .            (no cloak)
rCorr   .            (no gloves)
SInv    .            e - +0 pair of boots
Will    +....        d - amulet "Qicyiph" {Acrobat +Inv rPois Str+2} Stlth
                     q - +4 ring of protection
HPRegen 0.36/turn    K - ring of willpower
MPRegen 0.14/turn

%: acrobat
@: acrobatic
A: horns 2, retaliatory headbutt
a: Renounce Religion, Evoke Invisibility, Stomp, Line Pass


You were in an ice cave.
You worshipped Uskayaw.
Uskayaw was noncommittal.
You visited 2 branches of the dungeon, and saw 13 of its levels.
You also visited: Ice Cave.

You collected 743 gold pieces.

Inventory:

Hand Weapons
 p - the +6 shillelagh "Devastator" (weapon) {shatter}
   (You found it on level 2 of the Dungeon)
Missiles
 g - a throwing net
Armour
 b - a +0 buckler (worn)
 c - a +0 hat (worn)
 e - a +0 pair of boots (worn)
 B - a +0 plate armour (worn)
Jewellery
 d - the amulet "Qicyiph" (around neck) {Acrobat +Inv rPois Str+2}
   (You acquired it on level 9 of the Dungeon)

   [amulet of the acrobat]

   Acrobat:   It increases your evasion while moving and waiting.
   Str+2:     It affects your strength (+2).
   rPois:     It protects you from poison +Inv: It lets you turn invisible.
 f - a ring of resist corrosion
 q - a +4 ring of protection (left hand)
 G - an amulet of guardian spirit
 K - a ring of willpower (right hand)
Wands
 n - a wand of mindburst (12)
 v - a wand of paralysis (7)
 C - a wand of iceblast (26)
 D - a wand of polymorph (7)
 I - a wand of digging (4)
Scrolls
 a - a scroll of vulnerability {unknown}
 h - 3 scrolls of blinking
 k - a scroll of immolation
 l - a scroll of amnesia
 o - 2 scrolls of teleportation
 r - 3 scrolls of identify
 y - a scroll of noise {unknown}
 E - 2 scrolls of enchant weapon
 H - a scroll of enchant armour {unknown}
Potions
 i - a potion of cancellation
 j - 2 potions of brilliance
 m - a potion of berserk rage {unknown}
 s - 2 potions of invisibility
 t - a potion of mutation
 u - 2 potions of magic {unknown}
 w - a potion of attraction
 x - 2 potions of might {unknown}
 z - 3 potions of heal wounds {unknown}
 A - a potion of lignification {unknown}
 F - a potion of haste {unknown}


   Skills:
 + Level 9.9 Fighting
 - Level 7.3(10.5) Axes
 * Level 11.8(12.7) Maces & Flails
 - Level 2.0 Throwing
 + Level 9.5 Armour
 - Level 3.2 Dodging
 + Level 8.1 Shields
 + Level 6.3 Invocations


You had 10 spell levels left.
You didn't know any spells.
Your spell library contained the following spells:

 Spells                   Type           Power      Damage    Failure   Level
 Ensorcelled Hibernation  Hex/Ice        0%         N/A       100%        2
 Passwall                 Tmut/Erth      0%         N/A       100%        2
 Ignite Poison            Fire/Tmut/Pois 0%         N/A       100%        3
 Inner Flame              Hex/Fire       0%         N/A       100%        3
 Summon Guardian Golem    Hex/Summ       0%         N/A       100%        3
 Swiftness                Air            0%         N/A       100%        3
 Tukima's Dance           Hex            0%         N/A       100%        3
 Dimensional Bullseye     Hex/Tloc       0%         N/A       100%        4
 Iskenderun's Mystic Bla  Conj/Tloc      0%         2d3       100%        4
 Sticky Flame             Conj/Fire      0%         2d3       100%        4
 Yara's Violent Unravell  Hex/Tmut       0%         3d3       100%        5
 Enfeeble                 Hex            0%         N/A       100%        7
 Orb of Destruction       Conj           0%         9d5       100%        7
 Spellforged Servitor     Conj/Summ      0%         N/A       100%        7
 Ignition                 Fire           0%         3d3       100%        8


Dungeon Overview and Level Annotations

Branches:
Dungeon (12/15)            Temple (1/1) D:5            Lair (0/5) D:9
    Orc (0/2) D:10          IceCv (1/1)

Altars:
Ashenzari
Cheibriados
Dithmenos
Elyvilon
Fedhas
Gozag
Hepliaklqana
Kikubaaqudgha
Makhleb
Okawaru
Qazlal
Ru
Sif Muna
Trog
Uskayaw
Vehumet
Wu Jian
Yredelemnul
Zin
The Shining One

Shops:
D:7 *

Annotations:
D:3 2 runed translucent doors


Innate Abilities, Weirdness & Mutations

You have a pair of horns on your head.
You reflexively headbutt those who attack you in melee.


Message History

The white ugly thing tail-slaps you! The white ugly thing freezes you!!
The polar bear simulacrum bites you but does no damage.
You block the polar bear simulacrum's attack.
The polar bear simulacrum claws you but does no damage.
The death yak simulacrum gores you but does no damage.
You can now pass through a line of other dancers.
You hit the polar bear simulacrum.
The white ugly thing shudders.
The white ugly thing is moderately wounded.
The polar bear simulacrum vaporises!
The harpy simulacrum claws you but does no damage. x2
The white ugly thing barely misses you. The harpy simulacrum claws you.
The harpy simulacrum freezes you! The harpy simulacrum barely misses you.
Uskayaw will force your foes to helplessly watch your dance.
Uskayaw prepares the audience for your solo!
The helpless harpy simulacrum fails to defend itself.
You bludgeon the harpy simulacrum!!
The elephant simulacrum and the death yak simulacrum shudder.
The elephant simulacrum is almost destroyed.
The death yak simulacrum is almost destroyed.
The harpy simulacrum vaporises!
The death yak simulacrum is no longer paralysed.
The death yak simulacrum gores you. The death yak simulacrum freezes you!!
You are too injured to fight recklessly!
Unknown command.
You are too injured to fight recklessly!
Unknown command.
You are too injured to fight recklessly!
You are too injured to fight recklessly!
Unknown command.
You are too injured to fight recklessly!
Unknown command.
The elephant simulacrum is no longer paralysed.
The white ugly thing is no longer paralysed.
The elephant simulacrum is no longer paralysed.
The white ugly thing barely misses you.
The death yak simulacrum attacks as it pursues you!
The death yak simulacrum gores you.
* * * LOW HITPOINT WARNING * * *
The death yak simulacrum freezes you!!!
You die...

##....([$....#
#......!......#
#....8...8....#
#.............#
#......Z....#
#...........#
#...°u°.....#
##...ZZ....##
##..@∩...##
##..∩..##
#######


You could see a white ugly thing, a death yak simulacrum and 2 elephant
simulacra.

Vanquished Creatures
  2 two-headed ogres
  Lodul (D:10)
  A cyclops (D:11)
  A manticore (D:11)
  Maggie (D:9)
  A komodo dragon (D:11)
  2 gargoyles
  2 trolls
  2 hornets
  14 yaks
  A shadow (D:7)
  3 wyverns
  A steam dragon (D:6)
  A harpy simulacrum (IceCv)
  Edmund (D:6)
  2 acid dragons
  2 sky beasts (D:6)
  2 ice beasts
  2 orc warriors
  7 ogres (D:10)
  The ghost of ouz the Slasher, an amateur DsGl (D:3)
  A phantom (D:6)
  5 centaurs
  2 kobold brigands
  3 bullfrogs
  2 scorpions
  A cane toad simulacrum (IceCv)
  5 wights (D:8)
  11 killer bees
  6 howler monkeys
  3 hounds (D:5)
  A jelly (D:7)
  5 orc priests
  A bullfrog skeleton (D:3)
  A centaur skeleton (D:3)
  3 sleepcaps
  2 iguanas
  Ijyb (D:3)
  10 orc wizards
  A polar bear simulacrum (IceCv)
  Robin (D:3)
  8 adders
  A gnoll (D:1)
  A howler monkey skeleton (D:3)
  2 shadow imps
  2 white imps (D:6)
  2 ufetubi
  A worm (shapeshifter) (D:11)
  3 dart slugs
  40 orcs
  3 ball pythons
  5 endoplasms
  A giant cockroach (D:2)
  13 goblins
  9 hobgoblins
  9 jackals
  16 kobolds
  2 quokkas
  7 bats
  4 frilled lizards
  6 rats
250 creatures vanquished.

Notes
Turn   | Place    | Note
-------+----------+-------------------------------------------
     0 | D:1      | Nedwor the Minotaur Gladiator began the quest for the Orb.
     0 | D:1      | Reached XP level 1. HP: 18/18 MP: 0/0
   209 | D:1      | Reached XP level 2. HP: 25/25 MP: 1/1
   240 | D:1      | Reached skill level 1 in Armour
   545 | D:1      | Reached XP level 3. HP: 29/31 MP: 2/2
   925 | D:2      | Found the +6 shillelagh "Devastator" {shatter}
  1048 | D:2      | Noticed a scorpion
  1053 | D:2      | Killed a scorpion
  1054 | D:2      | Reached skill level 5 in Axes
  1054 | D:2      | Reached XP level 4. HP: 27/40 MP: 3/3
  1140 | D:2      | Found a snail-covered altar of Cheibriados.
  1530 | D:2      | Reached XP level 5. HP: 46/46 MP: 4/4
  1910 | D:3      | Found a runed translucent gate.
  1911 | D:3      | Found a runed translucent gate.
  1911 | D:3      | Found a runed translucent gate.
  1912 | D:3      | Noticed ouz's ghost (amateur DsGl)
  1949 | D:3      | Noticed Ijyb
  1953 | D:3      | Killed Ijyb
  2065 | D:3      | Noticed Robin
  2077 | D:3      | Killed Robin
  2363 | D:3      | Found a large runed translucent door.
  2364 | D:3      | Found a large runed translucent door.
  2699 | D:3      | Reached XP level 6. HP: 52/52 MP: 5/5
  2705 | D:3      | Killed ouz's ghost
  2980 | D:4      | Reached skill level 5 in Fighting
  2980 | D:4      | Reached XP level 7. HP: 61/61 MP: 6/6
  4058 | D:5      | Entered Level 5 of the Dungeon
  4125 | D:5      | Reached skill level 1 in Maces & Flails
  4162 | D:5      | Reached skill level 2 in Maces & Flails
  4162 | D:5      | Reached skill level 1 in Shields
  4412 | D:5      | Found a staircase to the Ecumenical Temple.
  4612 | D:5      | Found a basalt altar of Yredelemnul.
  4659 | D:5      | Reached skill level 3 in Maces & Flails
  4940 | Temple   | Entered the Ecumenical Temple
  4957 | Temple   | Became a worshipper of Uskayaw the Reveller
  5013 | D:6      | Found a blossoming altar of Fedhas.
  5014 | D:6      | Reached * piety under Uskayaw
  5016 | D:6      | Reached ** piety under Uskayaw
  5020 | D:6      | Reached *** piety under Uskayaw
  5021 | D:6      | Reached skill level 5 in Armour
  5117 | D:6      | Reached XP level 8. HP: 66/70 MP: 7/7
  5227 | D:6      | Noticed Edmund
  5232 | D:6      | Killed Edmund
  5233 | D:6      | Reached skill level 4 in Maces & Flails
  5238 | D:6      | Reached skill level 1 in Invocations
  5241 | D:6      | Reached **** piety under Uskayaw
  5244 | D:6      | Reached ***** piety under Uskayaw
  5405 | D:6      | Identified the +0 scale mail of Fortitude {Rampage MP-9
                  | SInv}
  5518 | D:6      | Reached skill level 5 in Maces & Flails
  6024 | D:7      | Reached skill level 6 in Maces & Flails
  6053 | D:7      | Reached XP level 9. HP: 73/78 MP: 9/9
  6122 | D:7      | Found Guanuf's Gadget Gallery.
  6388 | D:7      | Noticed a troll
  6393 | D:7      | Killed a troll
  6394 | D:7      | Reached skill level 7 in Maces & Flails
  6743 | D:8      | Reached skill level 5 in Shields
  6776 | D:8      | Found a shadowy altar of Dithmenos.
  6837 | D:8      | Reached skill level 8 in Maces & Flails
  7158 | D:9      | Noticed Maggie
  7166 | D:9      | Killed Maggie
  7302 | D:9      | Found a staircase to the Lair.
  7320 | D:9      | Identified the +7 long sword of Xom's Whim {drain, Int+3}
  7447 | D:9      | Reached XP level 10. HP: 81/88 MP: 12/12
  7619 | D:9      | Identified a scroll of acquirement
  7619 | D:9      | Acquired the amulet "Qicyiph" {Acrobat +Inv rPois Str+2}
  7797 | D:9      | Found a glowing golden altar of the Shining One.
  7847 | D:9      | Reached skill level 9 in Maces & Flails
  7964 | D:9      | Upgraded the game from 0.31-a0-846-gb3bcc0d938 to
                  | 0.31-a0-851-g7ff8af7976
  8037 | D:9      | Paralysed by a hornet for 3 turns
  8066 | D:9      | Reached skill level 10 in Maces & Flails
  8066 | D:9      | Reached skill level 5 in Invocations
  8281 | D:10     | Entered Level 10 of the Dungeon
  8361 | D:10     | Noticed a two-headed ogre
  8369 | D:10     | Killed a two-headed ogre
  8544 | D:10     | Reached XP level 11. HP: 93/97 MP: 14/14
  8586 | D:10     | Noticed Lodul
  8593 | D:10     | Killed Lodul
  8594 | D:10     | Reached skill level 11 in Maces & Flails
  8750 | D:10     | Found a staircase to the Orcish Mines.
  9438 | D:11     | Noticed a two-headed ogre
  9444 | D:11     | Killed a two-headed ogre
  9793 | D:12     | Found a frozen archway.
  9802 | IceCv    | Entered an ice cave
  9802 | IceCv    | Noticed a white ugly thing
  9811 | IceCv    | Mangled by a death yak simulacrum

Illustrated notes

Levels and vault maps discovered:
D:1:      reono_arrival_mine, layout_loops_ring, serial_forest,
          infiniplex_forest_straight_2, infiniplex_forest_lined_corner,
          infiniplex_forest_lined_corner, infiniplex_forest_lined_1,
          infiniplex_forest_join, infiniplex_forest_lined_4_way,
          infiniplex_forest_straight_4
D:2:      layout_basic, basic_altar
D:3:      layout_loops_ring, jmf_multi_god_temple2, gammafunk_ghost_necromancy,
          uniq_robin, uniq_ijyb
D:4:      layout_layer_cave, serial_bayou_crossing
D:5:      layout_loops_ring, marbit_many_paths, minmay_temple_entry_antechambers
D:6:      layout_loops_ring, fedhas_altar_3, minmay_misc_feat_tiny, uniq_edmund
D:7:      layout_gridville, nicolae_shop_gadgets
D:8:      layout_rooms, overflow_temple_1_default, serial_corexii_hall,
          chequers_hall_statues_corner_a, corexii_hall_statues_x,
          corexii_hall_statues_l, corexii_hall_statues_l
D:9:      layout_roguey, amcnicky_altar_gilded, lair_entry_dummy,
          grunt_decor_fettered, uniq_maggie
D:10:     layout_cave_pools, orc_0_dummy, enter_bailey_4, uniq_lodul
D:11:     layout_roguey
D:12:     layout_cave_pools, portal_ice_cave_entry_pillars_1
Temple:   lightli_temple_of_artemis
IceCv:    ice_cave_statue_garden_transporter

Skill      XL: |  1  2  3  4  5  6  7  8  9 10 11 |
---------------+----------------------------------+-----
Axes           | 4 5 6 7 |  7.3
Armour         | 1 2 3 4 5 6 7 8 9 |  9.5
Fighting       | 3 4 5 6 8 9 |  9.9
Maces & Flails | 3 6 8 10 11 | 11.8
Shields        | 2 4 5 7 8 |  8.1
Invocations    | 2 4 5 6 |  6.3
Throwing       | |  2.0
Dodging        | |  3.2

Action                     |  1- 3 |  4- 6 |  7- 9 | 10-12 || total
---------------------------+-------+-------+-------+-------++-------
  Melee: War axe           |    37 |       |       |       ||    37
         Headbutt          |     7 |    11 |    17 |    24 ||    59
         Glaive            |    13 |    61 |       |       ||    74
         Punch             |     2 |       |       |       ||     2
         Shillelagh        |       |    34 |   167 |   108 ||   309
    Use: Scroll            |       |       |       |    16 ||    16
   Stab: Sleeping          |       |     2 |       |       ||     2
         Paralysed         |       |       |     4 |    14 ||    18
 Armour: Leather armour    |    38 |    57 |    11 |       ||   106
         Chain mail        |       |       |    28 |       ||    28
         Plate armour      |       |       |    77 |    86 ||   163
  Dodge: Dodged            |    31 |    64 |    33 |    38 ||   166
  Block: Buckler           |       |       |    36 |    27 ||    63

Table legend: (Time is in decaauts)
 A = Elapsed time spent in this place.
 B = Non-inter-level travel time spent in this place.
 C = Inter-level travel time spent in this place.
 D = Time resting spent in this place.
 E = Time spent auto-exploring this place.
 F = Levels seen in this place.
 G = Mean time per level.
                   A        B        C        D        E       F      G
               +--------+--------+--------+--------+--------+-----+--------+
         Total |   9844 |   9243 |    601 |    267 |   7755 |  14 |  703.1 |
       Dungeon |   9802 |   9218 |    584 |    267 |   7755 |  12 |  816.8 |
        Temple |     34 |     17 |     17 |      0 |      0 |   1 |   34.0 |
      Ice Cave |      7 |      7 |      0 |      0 |      0 |   1 |    7.0 |
               +--------+--------+--------+--------+--------+-----+--------+

Top non-repeatable levels by time:
     D:4: 1246 daAuts
     D:9: 1144 daAuts
     D:2: 1084 daAuts
     D:3: 1019 daAuts
     D:6: 979 daAuts
     D:5: 919 daAuts
     D:1: 772 daAuts
    D:11: 758 daAuts
    D:10: 734 daAuts
     D:7: 652 daAuts
     D:8: 478 daAuts
  Temple: 34 daAuts
    D:12: 10 daAuts
   IceCv: 7 daAuts
